 Dungeon Crawl Stone Soup version 0.19.0-11-g3fc08b3 (webtiles) character file.

108 emikaela the Shooter (level 4, -2/28 HPs)
             Began as a Deep Elf Hunter on Nov 9, 2016.
             Slain by a hobgoblin
             ... wielding a +0 club
              (3 damage)
             ... on level 2 of the Dungeon.
             The game lasted 00:07:19 (2647 turns).

emikaela the Shooter (Deep Elf Hunter)              Turns: 2647, Time: 00:07:19

Health: -2/28      AC:  3    Str:  9    XL:     4   Next: 58%
Magic:  6/6        EV: 12    Int: 16    God:
Gold:   91         SH:  0    Dex: 16    Spells: 0 memorised, 3 levels left

rFire  . . .     SeeInvis .     b - +0 hunting sling
rCold  . . .     Gourm    .     c - +0 leather armour
rNeg   . . .     Faith    .     (no shield)
rPois  .         Spirit   .     (no helmet)
rElec  .         Reflect  .     (no cloak)
rCorr  .         Harm     .     (no gloves)
MR     .....                    (no boots)
Stlth  ++........               (no amulet)
                                (no ring)
                                (no ring)

@: lethally poisoned (-2 -> -5)
A: no striking features
a: no special abilities


You were on level 2 of the Dungeon.
You were not hungry.

You visited 1 branch of the dungeon, and saw 2 of its levels.

You collected 91 gold pieces.

Inventory:

Hand Weapons
 a - a +1 shortbow
 b - a +0 hunting sling (weapon)
Missiles
 e - 16 poisoned needles
 i - 97 stones (quivered)
Armour
 c - a +0 leather armour (worn)
 p - a +0 helmet
Wands
 q - a wand of confusion (18/48)
Scrolls
 g - 2 scrolls of recharging {unknown}
 h - a scroll of identify {unknown}
Potions
 k - a potion of might {unknown}
Books
 l - a book of Callings
Comestibles
 d - 4 chunks of flesh
 f - 3 bread rations
 j - a royal jelly
 m - 2 meat rations


   Skills:
 * Level 3.3 Fighting
 + Level 5.2 Bows
 - Level 2.6 Dodging
 - Level 1.2 Stealth


You had 3 spell levels left.
You didn't know any spells.

Dungeon Overview and Level Annotations

Branches:
Dungeon (2/15)

Altars:


Message History

Firing (i - inventory):
i - 100 stones (quivered)
Press: ? - help, Shift-Dir - straight line, f - hobgoblin
Aim: a hobgoblin, wielding a club You shoot a stone.
The stone hits the hobgoblin but does no damage.
The hobgoblin hits you with a club.
* * * LOW HITPOINT WARNING * * *
Firing (i - inventory):
i - 99 stones (quivered)
Press: ? - help, Shift-Dir - straight line, f/p - hobgoblin
Aim: a hobgoblin, wielding a club You shoot a stone.
The stone closely misses the hobgoblin.
You feel sick. The hobgoblin hits you with a club.
* * * LOW HITPOINT WARNING * * *
Firing (i - inventory):
i - 98 stones (quivered)
Press: ? - help, Shift-Dir - straight line, f/p - hobgoblin
Aim: a hobgoblin, wielding a club You shoot a stone.
The stone hits the hobgoblin.
The hobgoblin is almost dead.
The hobgoblin hits you with a club.
You die...

.##########.#######..# # ..#
#.# #..g#. #.# #.# #......
#.# ##'## ##....... #.#
##...## #..####S #.#
##.....## #..# . #.##
##.......## #..# ...
...####.........####).#.....
......'.........@g(÷(((($...
≈..####......(..####..#((...
≈≈≈≈≈###.......## #..# .(.
≈≈≈≈≈≈###.....## #..# .
....≈≈≈###...## ##.#
.)...≈≈# ##'## .. )##..≈≈#
#.# ##( ..#..≈≈# #.# .
..#..≈≈# #..


You could see a hobgoblin.

Vanquished Creatures
  Robin (D:2)
  3 adders (D:2)
  An ooze (D:2)
  3 worms (D:2)
  5 bats
  2 giant cockroaches (D:2)
  7 hobgoblins
  3 jackals (D:2)
  3 kobolds (D:1)
  A ball python (D:2)
  A frilled lizard (D:2)
  17 goblins
  6 rats
53 creatures vanquished.

Notes
Turn   | Place    | Note
-------+----------+-------------------------------------------
     0 | D:1      | emikaela the Deep Elf Hunter began the quest for the Orb.
     0 | D:1      | Reached XP level 1. HP: 12/12 MP: 3/3
   267 | D:1      | Reached XP level 2. HP: 17/17 MP: 4/4
  1197 | D:2      | Reached XP level 3. HP: 16/22 MP: 5/5
  1370 | D:2      | Noticed Robin
  1377 | D:2      | Killed Robin
  1454 | D:1      | Reached skill level 5 in Bows
  2058 | D:2      | Reached XP level 4. HP: 13/28 MP: 6/6
  2646 | D:2      | HP: 1/28 [hobgoblin/club (4)]
  2647 | D:2      | Slain by a hobgoblin

Skill      XL: |  1  2  3 |
---------------+----------+-----
Fighting       | 2 3 |  3.3
Bows           | 5 |  5.2
Dodging        | |  2.6
Stealth        | |  1.2

Action                   |  1- 3 |  4- 6 || total
-------------------------+-------+-------++-------
 Fire: Shortbow          |    48 |    20 ||    68
       Hunting sling     |   102 |    31 ||   133
Throw: Stone             |     3 |       ||     3
  Use: Potion            |     1 |     1 ||     2
  Eat: Chunk             |     3 |     2 ||     5
Armor: Leather armour    |    20 |     3 ||    23
Dodge: Dodged            |    45 |    21 ||    66
